 Dungeon Crawl Stone Soup version 0.26-a0-1026-g544776af23 (webtiles) character file.

Game seed: 15427768087476276466

3532 pablito the Martial Artist (level 10, -15/57 (58) HPs)
             Began as an Octopode Transmuter on Dec 10, 2020.
             Was a Believer of Nemelex Xobeh.
             Demolished by a two-headed ogre
             ... wielding a +0 dire flail
              (23 damage)
             ... on level 8 of the Dungeon.
             The game lasted 00:30:56 (9726 turns).

pablito the Martial Artist (Octopode Transmuter)    Turns: 9726, Time: 00:30:57

HP:   -15/57 (58)   AC:  1    Str: 16    XL:     10   Next: 8%
MP:   15/19         EV: 14    Int: 15    God:    Nemelex Xobeh [**....]
Gold: 523           SH:  0    Dex: 16    Spells: 9/21 levels left

rFire    . . .     SeeInvis .     - Unarmed
rCold    . . .     Faith    .   (shield currently unavailable)
rNeg     . . .     Spirit   .   (helmet restricted)
rPois    .         Reflect  .   (no amulet)
rElec    .         Harm     .   d - ring of wizardry
rCorr    .         Rampage  .   m - ring of wizardry
Will     .....                  z - +6 ring of strength
Stlth    +++++.....             (no ring)
HPRegen  0.19/turn              (no ring)
MPRegen  0.16/turn              (no ring)
                                (no ring)
                                (no ring)

@: blade tentacles
A: almost no armour, stealthy swim, amphibious, 8 rings, constrict 8, camouflage
1, gelatinous body 1
a: End Transformation, Draw Escape, Draw Destruction, Draw Summoning, Renounce
Religion


You were on level 8 of the Dungeon.
You worshipped Nemelex Xobeh.
Nemelex Xobeh was pleased with you.
You had blades for tentacles.
You visited 1 branch of the dungeon, and saw 8 of its levels.

You collected 523 gold pieces.

Inventory:

Hand Weapons
 u - a +4 demon blade of venom
Missiles
 e - 36 poisoned darts (quivered)
 h - 6 atropa-tipped darts
Magical Staves
 q - an uncursed staff of earth
Jewellery
 d - a ring of wizardry (left scythe-like blade)
 m - a ring of wizardry (right scythe-like blade)
 z - a +6 ring of strength (on tentacle)
Wands
 n - a wand of enslavement (10)
 x - a wand of random effects (20)
Scrolls
 a - a scroll of identify
 f - 2 scrolls of immolation {unknown}
 g - 2 scrolls of amnesia {unknown}
 i - 6 scrolls of remove curse
 k - 3 scrolls of enchant armour {unknown}
 p - a scroll of fog {unknown}
 r - a scroll of magic mapping {unknown}
 s - 2 scrolls of blinking {unknown}
 t - 6 scrolls of teleportation {unknown}
 v - a scroll of noise {unknown}
 w - a scroll of brand weapon {unknown}
 y - a scroll of random uselessness {unknown}
Potions
 b - 2 potions of magic
 c - 2 potions of haste
 j - 3 potions of might
 l - 5 potions of flight
 o - 4 potions of curing
 A - a potion of brilliance
 B - 2 potions of cancellation


   Skills:
 - Level 1.0 Fighting
 - Level 2.0 Dodging
 + Level 8.4 Stealth
 - Level 4.0 Shields
 * Level 10.0 Unarmed Combat
 - Level 6.1 Spellcasting
 + Level 7.6 Transmutations
 * Level 0.4 Poison Magic
 + Level 6.4 Invocations


You had 9 spell levels left.
You knew the following spells:

 Your Spells              Type           Power        Failure   Level
a - Beastly Appendage     Tmut           ####..       3%          1
b - Spider Form           Tmut/Pois      ###.......   13%         3
c - Summon Small Mammal   Summ           #...         17%         1
d - Wereblood             Tmut           ####....     4%          2
e - Blade Hands           Tmut           ####......   19%         5

Your spell library contained the following spells:

 Spells                   Type           Power        Failure   Level
 Animate Skeleton         Necr           #.....       17%         1
 Apportation              Tloc           #.....       17%         1
 Corona                   Hex            #......      17%         1
 Ice Form                 Ice/Tmut       ###.....     28%         4
 Petrify                  Tmut/Erth      ###.....     28%         4
 Confusing Touch          Hex            #.......     34%         3
 Gell's Gravitas          Tloc           #.........   34%         3
 Yara's Violent Unravell  Hex/Tmut       ###.......   50%         5
 Metabolic Englaciation   Hex/Ice        #.........   88%         5


Dungeon Overview and Level Annotations

Branches:
Dungeon (8/15)             Temple (0/1) D:7
   Lair: D:8-11

Altars:
Ashenzari
Elyvilon
Fedhas
Hepliaklqana
Makhleb
Nemelex Xobeh
Xom
The Shining One

Shops:
D:5 ::


Innate Abilities, Weirdness & Mutations

You cannot wear most types of armour.
You are very stealthy in the water. (Stealth+)
You are amphibious.
You can wear up to eight rings at the same time.
You can use your tentacles to constrict eight enemies at once.
Your skin changes colour to match your surroundings (Stealth+).
Your rubbery body absorbs attacks. (AC +1, EV +1)


Message History

Found a book of Changes.
No target in view!
Casting: Spider Form (dangerous; 2% risk of failure)
Confirm with . or Enter, or press ? or * to list all spells.
Your tentacles turn into razor-sharp scythe blades.
The two-headed ogre shouts in stereo!
The two-headed ogre hits you with a +0 dire flail!
The two-headed ogre hits you with a +0 giant club!
You slash the two-headed ogre!
The two-headed ogre is moderately wounded.
The two-headed ogre barely misses you. The two-headed ogre misses you.
You slice the two-headed ogre!!
The two-headed ogre is severely wounded.
You slash the two-headed ogre!
The two-headed ogre is almost dead.
The two-headed ogre hits you with a +0 dire flail!!
* * * LOW HITPOINT WARNING * * *
The two-headed ogre hits you with a +0 giant club!!
You die...
Your body glows with a rainbow of weird colours and disappears.

##.......## #.........#
#.........# #.........#
#.........# #.........#
#.........# #.........#
### #....@O..[###### #.#
#$.............#
..##########..............
#...............:$..#....
...######..#.#.....##....
##.....##..#.###.####..#
######.....#.##..# ##..# #
###...#.#.##.####..##
###....#.............##


You could see a two-headed ogre.

Vanquished Creatures
  Pikel (D:7)
  Menkaure (D:7)
  A phantom (D:6)
  A necrophage (D:5)
  3 ogres
  2 centaurs
  A lemure (D:7)
  4 bullfrogs
  A scorpion (D:4)
  8 wights
  A bullfrog zombie (D:5)
  3 orc priests (D:8)
  A centaur skeleton (D:6)
  A hound (D:6)
  4 orc wizards
  3 iguanas
  4 worker ants
  A killer bee zombie (D:7)
  10 gnolls
  5 adders
  4 white imps
  4 oozes
  2 worms (D:2)
  3 dart slugs
  3 leopard geckos
  11 orcs
  5 bats
  7 giant cockroaches
  10 goblins
  6 hobgoblins
  4 jackals (D:2)
  2 kobolds
  3 quokkas
  A ball python (D:2)
  4 frilled lizards
  A jackal zombie (D:5)
  2 leopard gecko skeletons
  5 rats
133 creatures vanquished.

Vanquished Creatures (collateral kills)
  2 orc warriors (D:8)
  An orc (D:8)
3 creatures vanquished.

Grand Total: 136 creatures vanquished

Notes
Turn   | Place    | Note
-------+----------+-------------------------------------------
     0 | D:1      | pablito the Octopode Transmuter began the quest for the
                  | Orb.
     0 | D:1      | Reached XP level 1. HP: 13/13 MP: 3/3
   151 | D:1      | Reached XP level 2. HP: 18/18 MP: 5/5
   573 | D:1      | Reached XP level 3. HP: 19/23 MP: 6/6
  1255 | D:2      | Found a sparkling altar of Nemelex Xobeh.
  1324 | D:2      | Became a worshipper of Nemelex Xobeh the Trickster
  1738 | D:2      | Reached XP level 4. HP: 10/28 MP: 6/8
  2101 | D:2      | Learned a level 3 spell: Spider Form
  2514 | D:3      | Reached skill level 1 in Shields
  3339 | D:4      | Reached XP level 5. HP: 8/33 MP: 5/9
  3618 | D:4      | Reached * piety under Nemelex Xobeh
  3638 | D:4      | Received a gift from Nemelex Xobeh
  3652 | D:4      | Reached skill level 4 in Unarmed Combat
  3865 | D:4      | Found a blossoming altar of Fedhas.
  3889 | D:4      | Reached XP level 6. HP: 12/38 MP: 6/11
  4292 | D:4      | Found a broken altar of Ashenzari.
  4292 | D:4      | Found a burning altar of Makhleb.
  4293 | D:4      | Found a white marble altar of Elyvilon.
  4473 | D:5      | Entered Level 5 of the Dungeon
  4863 | D:5      | HP: 3/38 [bullfrog zombie (3)]
  5221 | D:5      | Found Facwint's Book Boutique.
  5226 | D:5      | Learned a level 1 spell: Summon Small Mammal
  5229 | D:5      | Learned a level 2 spell: Wereblood
  5235 | D:5      | Learned a level 5 spell: Blade Hands
  5295 | D:5      | Reached XP level 7. HP: 29/43 MP: 9/12
  5584 | D:5      | Found Vusyixan's Book Shoppe.
  5881 | D:5      | Reached skill level 5 in Unarmed Combat
  5989 | D:6      | Reached skill level 1 in Invocations
  6375 | D:6      | Found a hazy altar of Hepliaklqana.
  6376 | D:6      | Found a shimmering altar of Xom.
  6377 | D:6      | Noticed a spectral ugly thing
  6394 | D:6      | Reached skill level 1 in Stealth
  6394 | D:6      | Reached XP level 8. HP: 47/47 MP: 8/14
  6789 | D:6      | Reached skill level 9 in Unarmed Combat
  6789 | D:6      | Reached skill level 5 in Invocations
  6789 | D:6      | Reached XP level 9. HP: 52/52 MP: 14/18
  6931 | D:6      | Reached ** piety under Nemelex Xobeh
  7029 | D:7      | Received a gift from Nemelex Xobeh
  7432 | D:7      | Found a staircase to the Ecumenical Temple.
  7609 | D:7      | Noticed Menkaure
  7629 | D:7      | Killed Menkaure
  7822 | D:7      | Noticed Pikel
  7826 | D:7      | Killed Pikel
  7972 | D:8      | Received a gift from Nemelex Xobeh
  8862 | D:8      | Found a glowing golden altar of the Shining One.
  8869 | D:8      | Reached XP level 10. HP: 43/57 MP: 15/19
  9003 | D:8      | Reached skill level 10 in Unarmed Combat
  9073 | D:8      | Noticed a two-headed ogre
  9726 | D:8      | Demolished by a two-headed ogre

Illustrated notes

Levels and vault maps discovered:
D:1:      dpeg_arrival_brainrot, layout_basic
D:2:      layout_basic, nemelex_altar_shiori, minmay_split_cup_small
D:3:      layout_basic
D:4:      layout_basic, general_overflow_altar, grunt_temple_overflow_diamond
D:5:      layout_cave_pools, serial_shops,
          nicolae_shop_temple_entry_statues_fountains, nicolae_shop_trees,
          chequers_serial_rivers_micro_b
D:6:      lemuel_upstairs_altar, layout_cave_pools,
          regret_index_temple_of_mockery
D:7:      layout_loops_cross, minmay_temple_entry_sparse_star,
          skrybe_limestone_x, uniq_menkaure, uniq_pikel
D:8:      layout_rooms, tso_metal_star

Skill      XL: |  1  2  3  4  5  6  7  8  9 10 |
---------------+-------------------------------+-----
Shields        | 1 2 3 4 |  4.0
Transmutations | 3 4 7 |  7.6
Spellcasting   | 3 4 6 |  6.1
Unarmed Combat | 4 5 9 10 | 10.0
Invocations    | 1 5 6 |  6.4
Stealth        | 1 7 8 |  8.4
Fighting       | |  1.0
Dodging        | |  2.0
Poison Magic   | |  0.4

Action                   |  1- 3 |  4- 6 |  7- 9 | 10-12 || total
-------------------------+-------+-------+-------+-------++-------
Melee: Unarmed           |    73 |   112 |   138 |    20 ||   343
       Tentacles         |    17 |     2 |    19 |     2 ||    40
       Constrict         |    25 |     6 |    22 |     2 ||    55
       Kick              |    10 |     3 |     2 |       ||    15
       Punch             |     2 |       |       |       ||     2
Throw: Dart              |    21 |       |     7 |       ||    28
 Cast: Beastly Appendage |     8 |     3 |     1 |       ||    12
       Spider Form       |       |    16 |     9 |     1 ||    26
       Blade Hands       |       |       |    13 |     2 ||    15
       Summon Small Mamm |       |       |     3 |       ||     3
Invok: Draw Destruction  |       |     3 |       |       ||     3
       Draw Escape       |       |       |     1 |       ||     1
       Draw Summoning    |       |       |     1 |       ||     1
  Use: Scroll            |       |     7 |     2 |     3 ||    12
       Potion            |       |     2 |     1 |       ||     3
 Stab: Sleeping          |     3 |     3 |     2 |     1 ||     9
Armor: Skin              |     7 |     7 |     8 |     1 ||    23
Dodge: Dodged            |    42 |    96 |    84 |    14 ||   236

Table legend: (Time is in decaauts)
 A = Elapsed time spent in this place.
 B = Non-inter-level travel time spent in this place.
 C = Inter-level travel time spent in this place.
 D = Time resting spent in this place.
 E = Time spent auto-exploring this place.
 F = Levels seen in this place.
 G = Mean time per level.
                   A        B        C        D        E       F      G
               +--------+--------+--------+--------+--------+-----+--------+
         Total |   9676 |   9220 |    456 |   1624 |   6397 |   8 | 1209.5 |
       Dungeon |   9676 |   9220 |    456 |   1624 |   6397 |   8 | 1209.5 |
               +--------+--------+--------+--------+--------+-----+--------+

Top non-repeatable levels by time:
     D:4: 1511 daAuts
     D:7: 1492 daAuts
     D:5: 1428 daAuts
     D:3: 1200 daAuts
     D:1: 1148 daAuts
     D:8: 989 daAuts
     D:2: 957 daAuts
     D:6: 949 daAuts
